 Dungeon Crawl Stone Soup version 0.27.0-66-gdc8fb28755 (webtiles) character file.

Game seed: 8363832107242973881

334 funkygono the Firebug (level 6, -2/33 HPs)
             Began as a Gargoyle Fire Elementalist on Aug 19, 2021.
             Slain by Pikel (3 damage)
             ... on level 3 of the Dungeon.
             The game lasted 00:07:59 (5756 turns).

funkygono the Firebug (Gargoyle Fire Elementalist)  Turns: 5756, Time: 00:08:00

Health: -2/33      AC:  9    Str: 12    XL:     6   Next: 53%
Magic:  3/11       EV: 12    Int: 17    God:
Gold:   164        SH:  0    Dex: 10    Spells: 4/12 levels left

rFire    . . .     SeeInvis .   b - +1 whip
rCold    . . .     Faith    .   (no shield)
rNeg     + . .     Spirit   .   a - +1 robe
rPois    ∞         Reflect  .   g - +0 helmet
rElec    +         Harm     .   h - scarf {+Inv}
rCorr    .         Rampage  .   (no gloves)
Will     .....                  j - +0 pair of boots
Stlth    ++........             (no amulet)
HPRegen  0.11/turn              (no ring)
MPRegen  0.12/turn              (no ring)

@: no status effects
A: sickness immunity, AC +4, negative energy resistance 1, electricity
resistance, torment resistance 1, petrification resistance
a: Evoke Invisibility


You were on level 3 of the Dungeon.
You visited 1 branch of the dungeon, and saw 4 of its levels.

You collected 164 gold pieces.

Inventory:

Hand Weapons
 b - a +1 whip (weapon)
 d - a +0 club
Missiles
 f - 133 stones
Armour
 a - a +1 robe (worn)
 g - a +0 helmet (worn)
 h - a scarf of invisibility (worn)
 j - a +0 pair of boots (worn)
Wands
 l - a wand of charming (3)
Scrolls
 c - a scroll of amnesia
 m - 2 scrolls of teleportation {unknown}
Potions
 e - a potion of heal wounds
 i - a potion of brilliance {unknown}
 k - a potion of mutation {unknown}


   Skills:
 + Level 0.4 Fighting
 + Level 0.6 Maces & Flails
 + Level 2.1 Dodging
 - Level 2.1 Stealth
 + Level 3.8 Spellcasting
 + Level 3.2 Conjurations
 + Level 4.8 Fire Magic


You had 4 spell levels left.
You knew the following spells:

 Your Spells              Type           Power      Damage    Failure   Level
a - Foxfire               Conj/Fire      64%        2x1d7     3%          1
b - Conjure Flame         Conj/Fire      16%        6-21      10%         3
c - Sticky Flame          Conj/Fire      16%        2d4       30%         4

Your spell library contained the following spells:

 Spells                   Type           Power      Damage    Failure   Level
 Inner Flame              Hex/Fire       11%        N/A       19%         3
 Blink                    Tloc           N/A        N/A       24%         2
 Fireball                 Conj/Fire      8%         3d6       65%         5
 Manifold Assault         Tloc           3%         N/A       99%         5
 Death Channel            Necr           1%         N/A       100%        6
 Simulacrum               Ice/Necr       1%         N/A       100%        6
 Storm Form               Tmut/Air       1%         N/A       100%        7


Dungeon Overview and Level Annotations

Branches:
Dungeon (4/15)
 Temple: D:4-7

Altars:
Fedhas

Annotations:
D:3 Pikel
D:4 Edmund


Innate Abilities, Weirdness & Mutations

You are immune to sickness and miasma.
Your stone body is resilient. (AC +4)
You are immune to poison.
You resist negative energy. (rN+)
You are resistant to electric shocks. (rElec)
You are resistant to unholy torment.
You are immune to petrification.


Message History

Pikel hits you with a +2 whip of freezing.
Pikel freezes you.
Casting: Foxfire (safe; 3% risk of failure)
Confirm with . or Enter, or press ? or * to list all spells.
You conjure some foxfire!
The foxfire hits Pikel but does no damage.
Pikel is lightly wounded.
The foxfire hits Pikel.
Pikel is lightly wounded.
Pikel hits you with a +2 whip of freezing.
Pikel freezes you.
Casting: Foxfire (safe; 3% risk of failure)
Confirm with . or Enter, or press ? or * to list all spells.
You conjure some foxfire!
The foxfire hits Pikel but does no damage.
Pikel is lightly wounded.
The foxfire hits Pikel but does no damage.
Pikel is lightly wounded.
Pikel barely misses you.
Casting: Foxfire (safe; 3% risk of failure)
Confirm with . or Enter, or press ? or * to list all spells.
You conjure some foxfire!
The foxfire hits Pikel but does no damage.
Pikel is lightly wounded.
The foxfire hits Pikel but does no damage.
Pikel is lightly wounded.
Pikel hits you with a +2 whip of freezing.
* * * LOW HITPOINT WARNING * * *
Pikel freezes you.
* * * LOW HITPOINT WARNING * * *
Casting: Foxfire (safe; 3% risk of failure)
Confirm with . or Enter, or press ? or * to list all spells.
You conjure some foxfire!
The foxfire hits Pikel.
Pikel is lightly wounded.
The foxfire hits Pikel but does no damage.
Pikel is lightly wounded.
Pikel hits you with a +2 whip of freezing!
* * * LOW HITPOINT WARNING * * *
Pikel freezes you.
You die...

############# ............#
################ ###########.#
#..............# #<........#.#
#.############.# #########.#.#
#.# #.# ..........#.######.# ##.#
#########>......##.# #...
........#.#.###K.#'### #...
#######.#.#.##..@v...##### ###...
#.....#.#.#.##.§§v....##.###.##..
#.#.###.#.#.##.......##...#...###
#.....#.#.#.##.......#..#.#.#).##
#...#.#.#..........?.#..#(#.#..#.
#...#.#.#.#..........#..#####..##
#...#.#.#..........####..#.#..###
#...#.............##..##÷....##..
#.............##.##....##...##...


You could see Pikel (ally target).

Vanquished Creatures
  4 lemures
  A phantom (D:4)
  A hound (D:3)
  Natasha (thrice) (D:3)
  6 gnolls
  3 adders
  An adder skeleton (D:4)
  A worm (D:3)
  5 dart slugs
  2 orcs (D:3)
  7 ball pythons
  3 endoplasms
  3 giant cockroaches
  4 goblins
  4 hobgoblins
  4 jackals (D:3)
  5 kobolds
  4 quokkas
  A bat (D:3)
  5 frilled lizards
  A rat (D:1)
68 creatures vanquished.

Vanquished Creatures (others)
  351 foxfires
351 creatures vanquished.

Grand Total: 419 creatures vanquished

Notes
Turn   | Place    | Note
-------+----------+-------------------------------------------
     0 | D:1      | funkygono the Gargoyle Fire Elementalist began the quest
                  | for the Orb.
     0 | D:1      | Reached XP level 1. HP: 10/10 MP: 3/3
   297 | D:1      | Reached XP level 2. HP: 15/15 MP: 3/5
  1026 | D:1      | Found a faded altar of an unknown god.
  1097 | D:1      | Reached XP level 3. HP: 19/19 MP: 2/6
  1341 | D:1      | Learned a level 3 spell: Conjure Flame
  2416 | D:3      | Noticed Natasha
  2422 | D:3      | Killed Natasha
  2423 | D:3      | Reached skill level 4 in Fire Magic
  2423 | D:3      | Reached XP level 4. HP: 16/24 MP: 2/7
  2687 | D:3      | Noticed Natasha
  2692 | D:3      | Killed Natasha
  2748 | D:3      | Noticed Natasha
  2758 | D:3      | Killed Natasha
  2759 | D:3      | Reached XP level 5. HP: 26/28 MP: 4/9
  3101 | D:3      | Got the Volume of the Twisted Volcanoes
  3873 | D:3      | Learned a level 4 spell: Sticky Flame
  3900 | D:4      | Noticed Edmund
  3937 | D:4      | Found a blossoming altar of Fedhas.
  4617 | D:4      | Noticed a lemure
  4629 | D:4      | Killed a lemure
  4698 | D:4      | Noticed a phantom
  4718 | D:4      | Killed a phantom
  4719 | D:4      | Reached XP level 6. HP: 16/32 MP: 0/11
  5220 | D:4      | Noticed Pikel
  5756 | D:3      | HP: 1/33 [Pikel (7)]
  5756 | D:3      | Slain by Pikel

Illustrated notes

Levels and vault maps discovered:
D:1:      dpeg_arrival_water_fire, layout_loops_corners,
          dreamdust_ecumenical_altar_hidden_monk_grotto
D:2:      layout_loops_ring
D:3:      layout_basic, minmay_puff, uniq_natasha
D:4:      layout_layer_cave, fedhas_altar_2, uniq_pikel, uniq_edmund

Skill      XL: |  1  2  3  4  5 |
---------------+----------------+-----
Conjurations   | 2 3 |  3.2
Fire Magic     | 4 |  4.8
Spellcasting   | 3 |  3.8
Dodging        | 2 |  2.1
Fighting       | |  0.4
Maces & Flails | |  0.6
Stealth        | |  2.1

Action                   |  1- 3 |  4- 6 || total
-------------------------+-------+-------++-------
Melee: Unarmed           |     6 |       ||     6
       Whip              |     5 |    48 ||    53
       Club              |     4 |       ||     4
 Cast: Foxfire           |    46 |   150 ||   196
  Use: Scroll            |     5 |     2 ||     7
       Potion            |       |     1 ||     1
Armor: Robe              |     7 |    29 ||    36
Dodge: Dodged            |    14 |    65 ||    79
